 Dungeon Crawl Stone Soup version 0.25.1-2-g60ff931df9 (webtiles) character file.

Game seed: 2131003549973487240

72 Kaliet the Shield-Bearer (level 4, 0/40 HPs)
             Began as a Hill Orc Fighter on Nov 8, 2020.
             Killed from afar by Sigmund (6 damage)
             ... with a puff of flame
             ... on level 2 of the Dungeon.
             The game lasted 00:14:42 (3221 turns).

Kaliet the Shield-Bearer (Hill Orc Fighter)         Turns: 3221, Time: 00:14:42

Health: 0/40       AC: 17    Str: 19    XL:     4   Next: 26%
Magic:  4/4        EV:  0    Int:  8    God:
Gold:   32         SH: 10    Dex: 10    Spells: 3/3 levels left

rFire    . . .     SeeInvis .   a - +1 trident
rCold    . . .     Gourm    .   c - +1 kite shield
rNeg     . . .     Faith    .   e - +0 crystal plate armour
rPois    .         Spirit   .   (no helmet)
rElec    .         Reflect  .   (no cloak)
rCorr    .         Harm     .   (no gloves)
MR       .....                  i - +0 pair of boots
Stlth    ..........             (no amulet)
HPRegen  0.13/turn              (no ring)
MPRegen  0.09/turn              (no ring)

@: no status effects
A: no striking features
a: no special abilities


You were on level 2 of the Dungeon.
You were not hungry.

You visited 1 branch of the dungeon, and saw 3 of its levels.

You collected 32 gold pieces.

Inventory:

Hand Weapons
 a - a +1 trident (weapon)
Armour
 c - a +1 kite shield (worn)
 e - a +0 crystal plate armour (worn)
 i - a +0 pair of boots (worn)
Jewellery
 j - an uncursed amulet of magic regeneration
Scrolls
 g - 3 scrolls of identify
 h - a scroll of remove curse
Comestibles
 f - 4 rations


   Skills:
 + Level 3.8 Fighting
 + Level 2.9 Polearms
 + Level 3.8 Armour
 + Level 0.4 Dodging
 + Level 4.4 Shields


You had 3 spell levels left.
You didn't know any spells.
Your spell library was empty.

Dungeon Overview and Level Annotations

Branches:
Dungeon (3/15)

Altars:
Xom

Annotations:
D:2 Sigmund
D:3 Robin


Message History

Sigmund gestures at you while chanting.
You are confused.
You bump into the rock wall.
You bump into the rock wall.
Sigmund hits you but does no damage.
You feel less confused.
Sigmund smiles chillingly.
Sigmund hits you from afar with a +0 scythe.
* * * LOW HITPOINT WARNING * * *
You block Sigmund's attack. You block Sigmund's attack.
Sigmund hits you from afar with a +0 scythe.
* * * LOW HITPOINT WARNING * * *
There is an open door here.
Sigmund casts a spell at you. The puff of flame hits you.
* * * LOW HITPOINT WARNING * * *
You block Sigmund's attack. Sigmund gestures at you while chanting.
The puff of flame hits you.
You die...

...#### #...... ...##.##
####...### ...#...## #.........
........# ###########.###.###.
...#...## #........##.# #.# #.
......########.######.##.# #.# #.
....).................##.# #.# #.
......#######@.##.###.##.# #.# #.
...##'## #...@.....##.###.###.
...#@..## #.#####<#.##.........
........## #.........######.####
##.......## ###.###.### #..##
#.........####...##.########...##
'.........'......................
#.....(...####......########...##
##.......## ##.##### #..##
##.....## #.# #.##


You could see Sigmund.

Vanquished Creatures
  2 adders (D:2)
  A dart slug (D:1)
  2 leopard geckos
  2 bats
  A giant cockroach (D:1)
  12 goblins
  6 hobgoblins
  5 jackals
  5 kobolds
  2 ball pythons
  4 frilled lizards
  6 rats
48 creatures vanquished.

Notes
Turn   | Place    | Note
-------+----------+-------------------------------------------
     0 | D:1      | Kaliet the Hill Orc Fighter began the quest for the Orb.
     0 | D:1      | Reached XP level 1. HP: 19/19 MP: 1/1
   245 | D:1      | Reached XP level 2. HP: 27/27 MP: 2/2
   803 | D:1      | Reached XP level 3. HP: 27/33 MP: 3/3
  1275 | D:2      | Reached skill level 4 in Shields
  2027 | D:2      | Found an iron altar of Okawaru.
  2029 | D:2      | Found a blossoming altar of Fedhas.
  2029 | D:2      | Found a blossoming altar of Fedhas.
  2031 | D:2      | Found a burning altar of Makhleb.
  2031 | D:2      | Found a shimmering altar of Xom.
  2031 | D:2      | Found a shimmering blue altar of Sif Muna.
  2346 | D:2      | Reached XP level 4. HP: 40/40 MP: 4/4
  2449 | D:3      | Noticed Robin
  2455 | D:3      | Noticed Sigmund
  3221 | D:2      | Killed from afar by Sigmund

Illustrated notes

Levels and vault maps discovered:
D:1:      tarquinn_simple_flora_water_a, layout_basic
D:2:      layout_loops_corners, first_ration, doesnt_xom_only_xom
D:3:      layout_basic, kennysheep_generic_room_13, uniq_robin,
          uniq_crazy_yiuf_cottage, uniq_sigmund, uniq_natasha

Skill      XL: |  1  2  3 |
---------------+----------+-----
Shields        | 4 |  4.4
Fighting       | |  3.8
Polearms       | |  2.9
Armour         | |  3.8
Dodging        | |  0.4

Action                   |  1- 3 |  4- 6 || total
-------------------------+-------+-------++-------
Melee: Trident           |   178 |    65 ||   243
  Use: Scroll            |     7 |       ||     7
       Potion            |     3 |     2 ||     5
  Eat: Ration            |     2 |     1 ||     3
Armor: Scale mail        |    35 |       ||    35
       Crystal plate arm |   120 |   160 ||   280
Dodge: Dodged            |    18 |     3 ||    21
Block: Kite shield       |   109 |    64 ||   173
